[ AOE2 MATCH · #506299812 ]
UnrankedSlavs vs Chinese
Player's team · LOSS
Rival team · WIN
[ REPLAY ANALYSIS · EXTRACTED FROM THE RECORDED GAME ]
Feudal
10:08
Castle
31:36
Imperial
—
| APM avg | 39.2 |
| APM peak | 88 |
| eAPM avg | 21.1 |
| Villagers / military | 113 / 143 |
Focus
⚔️ 32.5% · 🌾 67.5%
Scout Cavalry ×78 · Militia ×26 · Boyar ×20 · Knight ×12 · Monk ×7
Feudal
9:10
Castle
26:41
Imperial
44:32
| APM avg | 66.3 |
| APM peak | 96 |
| eAPM avg | 39.4 |
| Villagers / military | 118 / 163 |
Focus
⚔️ 37.3% · 🌾 62.7%
Archer ×48 · Fire Lancer ×43 · Chu Ko Nu ×40 · Spearman ×12 · Knight ×7 · Monk ×5
Match map
Initial resources + every placement click. Lines = walls · curves = elevation contours. ◆ gold · ⬟ stone · ● berries · ✦ relic · ◌ wall gap
Your base· Open — 4t gap
☘ [4:20] ☘ Raperzinho11's base· ✓ Closed at 26:41 · 7t walls · no gate
Smoothed initial terrain · ◌ = detected wall gap · hover for details
Inputs per minute
— keepurr - - ☘ [4:20] ☘ Raperzinho11
Build order — keepurr
First 150 of 388 actions detected
| 0:01 | Queue | Villager (Male) |
| 0:01 | Queue | Villager (Male) |
| 0:02 | Build | House |
| 0:04 | Build | House |
| 0:06 | Queue | Villager (Male) |
| 0:06 | Queue | Villager (Male) |
| 1:30 | Queue | Villager (Male) |
| 1:30 | Queue | Villager (Male) |
| 2:02 | Build | Lumber Camp |
| 2:12 | Queue | Villager (Male) |
| 2:12 | Queue | Villager (Male) |
| 2:27 | Queue | Villager (Male) |
| 2:27 | Queue | Villager (Male) |
| 2:55 | Queue | Villager (Male) |
| 2:55 | Queue | Villager (Male) |
| 3:08 | Build | House |
| 3:20 | Queue | Villager (Male) |
| 3:20 | Queue | Villager (Male) |
| 3:21 | Queue | Villager (Male) |
| 3:42 | Queue | Villager (Male) |
| 4:23 | Queue | Villager (Male) |
| 4:23 | Queue | Villager (Male) |
| 4:27 | Build | Mill |
| 5:06 | Queue | Villager (Male) |
| 5:11 | Queue | Villager (Male) |
| 5:12 | Queue | Villager (Male) |
| 5:12 | Queue | Villager (Male) |
| 5:12 | Queue | Villager (Male) |
| 6:01 | Queue | Villager (Male) |
| 6:04 | Queue | Villager (Male) |
| 6:09 | Build | House |
| 7:04 | Queue | Villager (Male) |
| 7:09 | Research | Loom |
| 7:24 | Queue | Villager (Male) |
| 7:58 | Research | Feudal Age |
| 8:19 | Build | House |
| 8:25 | Build | Barracks |
| 8:55 | Build | Palisade Wall |
| 8:57 | Build | Palisade Wall |
| 8:58 | Build | Palisade Wall |
| 9:00 | Build | Palisade Wall |
| 9:05 | Queue | Villager (Male) |
| 9:21 | Build | Palisade Wall |
| 9:31 | Build | Palisade Wall |
| 9:55 | Build | Palisade Wall |
| 9:56 | Build | Palisade Wall |
| 9:59 | Build | Palisade Wall |
| 10:01 | Build | Palisade Wall |
| 10:08 | Age | Feudal Age |
| 10:19 | Build | Stable |
| 10:24 | Queue | Villager (Male) |
| 10:31 | Research | Double-Bit Axe |
| 10:40 | Queue | Villager (Male) |
| 11:01 | Queue | Villager (Male) |
| 11:14 | Queue | Scout Cavalry |
| 11:22 | Queue | Scout Cavalry |
| 11:37 | Research | Horse Collar |
| 11:44 | Build | House |
| 11:47 | Build | Palisade Wall |
| 11:55 | Queue | Scout Cavalry |
| 11:59 | Build | House |
| 12:11 | Build | Palisade Wall |
| 12:13 | Queue | Scout Cavalry |
| 12:15 | Build | Farm |
| 12:16 | Build | Farm |
| 12:17 | Build | Farm |
| 12:21 | Build | Farm |
| 12:26 | Queue | Villager (Male) |
| 12:26 | Queue | Villager (Male) |
| 13:04 | Queue | Scout Cavalry |
| 13:10 | Build | Farm |
| 13:13 | Build | Farm |
| 13:55 | Queue | Villager (Male) |
| 13:56 | Queue | Villager (Male) |
| 13:59 | Build | Farm |
| 14:01 | Build | Farm |
| 14:08 | Queue | Villager (Male) |
| 14:10 | Build | Farm |
| 14:25 | Queue | Villager (Male) |
| 14:26 | Queue | Scout Cavalry |
| 14:30 | Build | Farm |
| 14:48 | Build | Lumber Camp |
| 15:00 | Queue | Scout Cavalry |
| 15:11 | Queue | Scout Cavalry |
| 15:31 | Queue | Villager (Male) |
| 15:42 | Queue | Villager (Male) |
| 15:46 | Build | Mining Camp |
| 15:53 | Build | Blacksmith |
| 15:56 | Queue | Scout Cavalry |
| 15:57 | Queue | Villager (Male) |
| 16:40 | Queue | Scout Cavalry |
| 16:40 | Queue | Scout Cavalry |
| 17:06 | Research | Scale Barding Armor |
| 17:06 | Research | Scale Barding Armor |
| 17:28 | Build | Farm |
| 17:29 | Build | Farm |
| 17:29 | Build | Farm |
| 17:30 | Build | Farm |
| 17:34 | Queue | Villager (Male) |
| 17:34 | Queue | Villager (Male) |
| 17:58 | Build | House |
| 18:01 | Build | House |
| 18:05 | Queue | Scout Cavalry |
| 18:05 | Queue | Scout Cavalry |
| 18:12 | Build | Farm |
| 18:14 | Build | Farm |
| 18:14 | Build | Farm |
| 18:30 | Queue | Scout Cavalry |
| 18:41 | Queue | Villager (Male) |
| 18:42 | Queue | Villager (Male) |
| 18:50 | Queue | Villager (Male) |
| 19:05 | Build | Mill |
| 19:19 | Queue | Villager (Male) |
| 19:44 | Queue | Villager (Male) |
| 19:46 | Queue | Scout Cavalry |
| 19:48 | Research | Bloodlines |
| 20:34 | Queue | Scout Cavalry |
| 20:40 | Build | Market |
| 21:24 | Build | Watch Tower |
| 21:41 | Queue | Scout Cavalry |
| 21:41 | Queue | Scout Cavalry |
| 21:58 | Queue | Scout Cavalry |
| 22:05 | Build | Stable |
| 22:18 | Queue | Scout Cavalry |
| 22:27 | Research | Forging |
| 22:44 | Build | Farm |
| 22:44 | Build | Farm |
| 22:44 | Build | Farm |
| 22:44 | Build | Farm |
| 22:45 | Build | Farm |
| 22:50 | Queue | Scout Cavalry |
| 22:52 | Queue | Scout Cavalry |
| 22:52 | Queue | Scout Cavalry |
| 23:03 | Queue | Scout Cavalry |
| 23:03 | Queue | Scout Cavalry |
| 23:11 | Build | Farm |
| 23:11 | Build | Farm |
| 23:11 | Build | Farm |
| 23:11 | Build | Farm |
| 23:11 | Build | Farm |
| 23:12 | Build | Farm |
| 23:35 | Queue | Scout Cavalry |
| 23:35 | Queue | Scout Cavalry |
| 23:37 | Queue | Villager (Male) |
| 23:37 | Queue | Villager (Male) |
| 23:37 | Queue | Villager (Male) |
| 23:52 | Queue | Scout Cavalry |
| 23:52 | Queue | Scout Cavalry |
| 24:21 | Research | Town Watch |
| 24:35 | Queue | Scout Cavalry |
Build order — ☘ [4:20] ☘ Raperzinho11
First 150 of 402 actions detected
| 0:07 | Research | Loom |
| 0:41 | Queue | Villager (Male) |
| 1:18 | Queue | Villager (Male) |
| 1:18 | Queue | Villager (Male) |
| 1:33 | Queue | Villager (Male) |
| 1:33 | Queue | Villager (Male) |
| 1:51 | Build | Lumber Camp |
| 2:15 | Queue | Villager (Male) |
| 2:15 | Queue | Villager (Male) |
| 2:36 | Queue | Villager (Male) |
| 2:36 | Queue | Villager (Male) |
| 3:10 | Build | House |
| 3:12 | Build | House |
| 3:16 | Queue | Villager (Male) |
| 3:17 | Queue | Villager (Male) |
| 3:17 | Queue | Villager (Male) |
| 3:59 | Queue | Villager (Male) |
| 3:59 | Queue | Villager (Male) |
| 4:14 | Queue | Villager (Male) |
| 4:14 | Queue | Villager (Male) |
| 4:23 | Build | Palisade Wall |
| 4:49 | Queue | Villager (Male) |
| 4:49 | Queue | Villager (Male) |
| 4:50 | Queue | Villager (Male) |
| 4:50 | Queue | Villager (Male) |
| 5:42 | Build | Barracks |
| 6:21 | Queue | Villager (Male) |
| 7:00 | Research | Feudal Age |
| 7:19 | Queue | Militia |
| 7:19 | Queue | Militia |
| 7:20 | Queue | Militia |
| 7:40 | Build | Mining Camp |
| 7:52 | Queue | Villager (Male) |
| 8:46 | Queue | Militia |
| 8:46 | Queue | Militia |
| 9:10 | Age | Feudal Age |
| 9:21 | Build | Archery Range |
| 9:41 | Queue | Villager (Male) |
| 9:46 | Build | Archery Range |
| 9:49 | Research | Man-at-Arms (upgrade) |
| 10:20 | Queue | Villager (Male) |
| 10:27 | Build | House |
| 10:29 | Build | House |
| 11:02 | Queue | Villager (Male) |
| 11:10 | Build | Mill |
| 11:13 | Queue | Archer |
| 11:13 | Queue | Archer |
| 11:13 | Queue | Archer |
| 11:13 | Queue | Archer |
| 11:40 | Build | Farm |
| 11:40 | Build | Farm |
| 11:40 | Build | Farm |
| 11:49 | Queue | Spearman |
| 12:07 | Queue | Archer |
| 12:07 | Queue | Archer |
| 12:08 | Queue | Archer |
| 12:08 | Queue | Archer |
| 12:44 | Queue | Archer |
| 12:45 | Queue | Archer |
| 12:46 | Queue | Villager (Male) |
| 12:49 | Build | Farm |
| 12:51 | Build | Farm |
| 13:13 | Queue | Villager (Male) |
| 13:20 | Build | Farm |
| 13:33 | Queue | Archer |
| 13:33 | Queue | Archer |
| 13:33 | Queue | Archer |
| 13:56 | Queue | Spearman |
| 14:39 | Queue | Spearman |
| 14:46 | Queue | Villager (Male) |
| 14:48 | Queue | Archer |
| 14:48 | Queue | Archer |
| 14:48 | Queue | Archer |
| 14:49 | Queue | Archer |
| 14:49 | Queue | Archer |
| 14:50 | Queue | Archer |
| 14:51 | Queue | Villager (Male) |
| 14:53 | Build | House |
| 14:54 | Build | House |
| 14:59 | Queue | Villager (Male) |
| 15:04 | Build | Palisade Wall |
| 15:06 | Build | Palisade Wall |
| 15:22 | Queue | Villager (Male) |
| 15:24 | Queue | Archer |
| 15:50 | Build | House |
| 15:57 | Build | Palisade Gate |
| 16:00 | Queue | Villager (Male) |
| 16:25 | Queue | Spearman |
| 16:31 | Build | Farm |
| 16:32 | Build | Farm |
| 16:32 | Build | Farm |
| 17:00 | Queue | Spearman |
| 17:00 | Queue | Spearman |
| 17:03 | Queue | Archer |
| 17:04 | Queue | Archer |
| 17:04 | Queue | Archer |
| 18:14 | Queue | Archer |
| 18:14 | Queue | Archer |
| 18:15 | Queue | Archer |
| 18:15 | Queue | Archer |
| 18:15 | Queue | Archer |
| 18:18 | Queue | Spearman |
| 18:19 | Queue | Villager (Male) |
| 18:35 | Queue | Villager (Male) |
| 18:57 | Build | Farm |
| 18:58 | Queue | Villager (Male) |
| 18:58 | Queue | Villager (Male) |
| 20:07 | Queue | Villager (Male) |
| 20:09 | Queue | Archer |
| 20:09 | Queue | Archer |
| 20:09 | Queue | Archer |
| 20:33 | Queue | Villager (Male) |
| 20:33 | Queue | Villager (Male) |
| 20:38 | Build | House |
| 20:40 | Build | House |
| 20:41 | Queue | Villager (Male) |
| 20:44 | Queue | Archer |
| 20:44 | Queue | Archer |
| 20:45 | Queue | Archer |
| 21:45 | Build | Farm |
| 21:45 | Build | Farm |
| 21:45 | Build | Farm |
| 21:46 | Build | Farm |
| 21:51 | Build | Blacksmith |
| 22:00 | Queue | Villager (Male) |
| 22:03 | Queue | Villager (Male) |
| 22:23 | Queue | Villager (Male) |
| 22:35 | Build | House |
| 22:39 | Build | Farm |
| 22:50 | Build | Lumber Camp |
| 22:54 | Research | Fletching |
| 23:20 | Build | Stable |
| 24:01 | Research | Castle Age |
| 24:28 | Research | Double-Bit Axe |
| 24:34 | Research | Forging |
| 24:43 | Queue | Spearman |
| 25:21 | Queue | Spearman |
| 25:22 | Queue | Spearman |
| 25:32 | Build | House |
| 26:00 | Queue | Spearman |
| 26:02 | Build | Barracks |
| 26:04 | Build | House |
| 26:41 | Age | Castle Age |
| 27:13 | Queue | Fire Lancer |
| 27:13 | Queue | Fire Lancer |
| 27:13 | Queue | Fire Lancer |
| 27:14 | Queue | Fire Lancer |
| 27:14 | Queue | Fire Lancer |
| 27:14 | Queue | Fire Lancer |
| 27:14 | Queue | Fire Lancer |
Match timeline
| 4:23 | ☘ [4:20] ☘ Raperzinho11 · wall_segment Palisade Wall x1 |
| 5:42 | ☘ [4:20] ☘ Raperzinho11 · first_building Barracks |
| 8:25 | keepurr · first_building Barracks |
| 8:55 | keepurr · wall_segment Palisade Wall x5 |
| 8:57 | keepurr · wall_segment Palisade Wall x1 |
| 8:58 | keepurr · wall_segment Palisade Wall x4 |
| 9:00 | keepurr · wall_segment Palisade Wall x7 |
| 9:10 | ☘ [4:20] ☘ Raperzinho11 · age_up feudal |
| 9:21 | ☘ [4:20] ☘ Raperzinho11 · first_building Archery Range |
| 9:21 | keepurr · wall_segment Palisade Wall x3 |
| 9:31 | keepurr · wall_segment Palisade Wall x5 |
| 9:55 | keepurr · wall_segment Palisade Wall x1 |
| 9:56 | keepurr · wall_segment Palisade Wall x1 |
| 9:59 | keepurr · wall_segment Palisade Wall x1 |
| 10:01 | keepurr · wall_segment Palisade Wall x1 |
| 10:08 | keepurr · age_up feudal |
| 10:19 | keepurr · first_building Stable |
| 11:47 | keepurr · wall_segment Palisade Wall x3 |
| 12:11 | keepurr · wall_segment Palisade Wall x1 |
| 15:04 | ☘ [4:20] ☘ Raperzinho11 · wall_segment Palisade Wall x5 |
| 15:06 | ☘ [4:20] ☘ Raperzinho11 · wall_segment Palisade Wall x1 |
| 21:26 | keepurr · first_market_sell 100 wood |
| 23:01 | keepurr · first_market_buy 100 food |
| 23:20 | ☘ [4:20] ☘ Raperzinho11 · first_building Stable |
| 26:41 | ☘ [4:20] ☘ Raperzinho11 · age_up castle |
| 31:36 | keepurr · age_up castle |
| 35:52 | keepurr · first_building Castle |
| 37:45 | keepurr · first_building Monastery |
| 39:27 | ☘ [4:20] ☘ Raperzinho11 · first_building Castle |
| 44:32 | ☘ [4:20] ☘ Raperzinho11 · age_up imperial |
| 48:00 | ☘ [4:20] ☘ Raperzinho11 · first_market_buy 100 wood |
| 51:55 | ☘ [4:20] ☘ Raperzinho11 · first_building Monastery |
| 54:49 | keepurr · resign |
[ AI ANALYSIS · 1 CREDIT ]
What really happened in this match?
Wolo.gg analyzes every decision: build order, eco, micro, common mistakes by bracket. Personalized analysis on WhatsApp or Discord in 30 seconds.
Civ guide
Slavs
Perfil
Jugador #865819